 Dungeon Crawl Stone Soup version 0.20.1-1-g8b1a95d (webtiles) character file.

72453 polve the Carver (level 15, -3/172 HPs)
             Began as a Demonspawn Gladiator on July 7, 2017.
             Was a Believer of Uskayaw.
             Slain by a red ugly thing (15 damage)
             ... on level 14 of the Dungeon.
             The game lasted 00:37:14 (31655 turns).

polve the Carver (Demonspawn Gladiator)            Turns: 31655, Time: 00:37:15

Health: -3/172     AC: 29    Str: 15    XL:     15   Next: 1%
Magic:  23/23      EV:  2    Int: 10    God:    Uskayaw [**....]
Gold:   1599       SH:  6    Dex: 20    Spells: 13/18 levels left

rFire    . . .     SeeInvis .   a - +0 scimitar (flame)
rCold    . . .     Gourm    .   G - +0 buckler
rNeg     + + +     Faith    .   (armour currently unavailable)
rPois    +         Spirit   .   (helmet currently unavailable)
rElec    .         Reflect  .   (cloak currently unavailable)
rCorr    .         Harm     .   (gloves currently unavailable)
MR       +....     NoTele   +   (boots currently unavailable)
Stlth    ++++++++..             u - amulet of regeneration
Regen    0.8/turn               e - +2 ring of protection
MPRegen  0.2/turn               o - +4 ring of slaying

@: tree-form
A: repulsion field 2, demonic guardian 2, nightstalker 3
a: Stomp, Line Pass, Renounce Religion


You were on level 14 of the Dungeon.
You worshipped Uskayaw.
Uskayaw was aware of your devotion.
You were not hungry.
You were a tree.
You visited 3 branches of the dungeon, and saw 21 of its levels.

You collected 1599 gold pieces.

Inventory:

Hand Weapons
 a - a +0 scimitar of flaming (weapon)
Missiles
 d - 3 throwing nets (quivered)
Armour
 C - +0 acid dragon scales (melded)
 G - a +0 buckler (worn)
 N - the +3 leather armour "Xeotaad" {rPois rF+}
   (You found it on level 3 of the Lair of Beasts)

   It protects you from fire.
   It protects you from poison.
Jewellery
 e - a +2 ring of protection (left branch)
 l - an uncursed ring of see invisible
 o - a +4 ring of slaying (right branch)
 u - an amulet of regeneration (around neck)
 y - an uncursed ring of flight
 M - an uncursed ring of protection from fire
Scrolls
 b - a scroll of brand weapon {unknown}
 c - 3 scrolls of recharging
 g - 13 scrolls of remove curse
 h - 2 scrolls of identify
 k - 3 scrolls of fog
 p - 9 scrolls of teleportation
 t - 6 scrolls of magic mapping
 v - 7 scrolls of enchant armour
 w - 5 scrolls of amnesia
 D - 4 scrolls of enchant weapon
 F - 4 scrolls of blinking
 J - 4 scrolls of fear
Potions
 j - 2 potions of ambrosia
 m - 5 potions of flight
 q - 2 potions of haste
 r - 3 potions of heal wounds
 s - 4 potions of lignification
 x - 14 potions of curing
 A - a potion of cancellation {unknown}
 H - a potion of brilliance {unknown}
 I - 3 potions of might
 L - a potion of magic {unknown}
Books
 i - a book of Party Tricks

   Spells                             Type                      Level
   a - Summon Butterflies             Summoning                    1
   b - Apportation                    Translocation                1
   c - Lesser Beckoning               Translocation                3
   d - Tukima's Dance                 Hexes                        3
   e - Alistair's Intoxication        Transmutation/Poison         5
   f - Invisibility                   Hexes                        6
Comestibles
 f - 16 bread rations
 n - 8 chunks of flesh
 z - 7 meat rations
 B - 2 fruits
 K - 4 royal jellies


   Skills:
 - Level 10.0 Fighting
 - Level 14.0 Long Blades
 - Level 1.7 Throwing
 + Level 7.4 Armour
 + Level 8.8 Dodging
 - Level 10.0 Stealth
 - Level 4.0 Shields
 - Level 2.0 Spellcasting
 - Level 4.0 Translocations
 + Level 11.7 Invocations
 - Level 6.0 Evocations


You had 13 spell levels left.
You knew the following spells:

 Your Spells              Type           Power        Failure   Level  Hunger
a - Apportation           Tloc           #.....       6%          1    ##.....
b - Blink                 Tloc           N/A          9%          2    ###....
c - Corpse Rot            Necr           N/A          43%         2    ###....


Dungeon Overview and Level Annotations

Branches:
Dungeon (13/15)            Temple (1/1) D:6            Lair (6/6) D:11
  Swamp (0/4) Lair:2        Snake (0/4) Lair:4        Slime (0/5) Lair:5
    Orc (0/2) D:12
 Vaults: D:13-14

Altars:
Ashenzari
Cheibriados
Dithmenos
Elyvilon
Fedhas
Gozag
Hepliaklqana
Kikubaaqudgha
Makhleb
Nemelex Xobeh
Okawaru
Qazlal
Ru
Sif Muna
Trog
Uskayaw
Vehumet
Xom
Yredelemnul
Zin
The Shining One
Jiyva

Shops:
D:7 (   D:10 ?


Innate Abilities, Weirdness & Mutations

((You have a pair of antennae on your head.))
You are surrounded by a moderate repulsion field. (EV +3)
A demonic guardian rushes to your aid.
You are completely attuned to the shadows.


Message History

You turn into a tree.
Your +0 acid dragon scales melds into your body.
Your roots penetrate the ground.
The red ugly thing pecks you.
* * * LOW HITPOINT WARNING * * *
You are engulfed in flames!
* * * LOW HITPOINT WARNING * * *
You slice the red ugly thing!! You burn the red ugly thing.
The red ugly thing is moderately wounded.
You closely miss the red ugly thing.
The red ugly thing is moderately wounded.
The red ugly thing pecks you!
* * * LOW HITPOINT WARNING * * *
You are engulfed in flames!!
* * * LOW HITPOINT WARNING * * *
You barely miss the red ugly thing.
The red ugly thing is moderately wounded.
The red ugly thing pecks you!
* * * LOW HITPOINT WARNING * * *
You are engulfed in flames!
You die...

................#..#{.#..
......
................####
......
................#..#
......
...................#
......
.....######.......###
#..(....... #....†<)...
#.....u(... ......)♣....
............ ...........
.......... ###......


You could see a red ugly thing.

Vanquished Creatures
  Snorg (D:14)
  3 hydras (Lair:5)
  2 centaur warriors (D:14)
  Erica (D:8)
  2 two-headed ogres
  An alligator (Lair:5)
  2 death yaks (Lair:6)
  An unseen horror (D:11)
  A swamp dragon (Lair:5)
  A lindwurm (Lair:6)
  8 ugly things
  2 cyclopes (D:14)
  16 elephants (Lair:4)
  4 black mambas
  Psyche (D:8)
  A black mamba (shapeshifter) (D:14)
  A centaur zombie (D:9)
  A gargoyle (D:10)
  A torpor snail (Lair:6)
  29 spiny frogs
  An efreet (D:14)
  5 rime drakes
  3 komodo dragons
  2 kobold demonologists
  A tengu conjurer (D:14)
  3 trolls
  3 tyrant leeches (Lair:6)
  2 meliai zombies (D:14)
  3 slime creatures (D:14)
  29 blink frogs
  4 hippogriffs
  3 dream sheep (Lair:6)
  2 spriggans
  2 shadows (D:14)
  A vampire (D:10)
  A wraith (D:11)
  4 wyverns
  33 yaks
  4 basilisks
  3 hungry ghosts
  6 vampire mosquitoes (Lair:6)
  Menkaure (D:7)
  3 acid dragons
  3 nagas (Lair:4)
  3 swamp worms (Lair:5)
  5 insubstantial wisps (Lair:2)
  13 water moccasins
  17 porcupines
  5 orc warriors
  9 sky beasts
  A slave (D:7)
  A swamp drake (Lair:6)
  An ogre (D:12)
  A phantom (D:9)
  A boggart (D:14)
  19 wolves
  7 centaurs
  21 crocodiles
  3 big kobolds (D:11)
  24 bullfrogs
  A gnoll sergeant (D:9)
  A wyvern skeleton (D:10)
  8 scorpions
  5 electric eels
  8 wights
  A howler monkey (D:14)
  6 jellies
  5 crimson imps
  9 hounds
  2 quasits
  9 orc priests
  A bullfrog skeleton (D:11)
  3 centaur skeletons
  A gnoll shaman (D:4)
  4 iguanas
  9 orc wizards
  5 worker ants
  A hound zombie (D:5)
  3 worker ant zombies
  7 gnolls
  7 adders
  2 river rats (D:6)
  5 shadow imps
  An ooze (D:5)
  4 adder skeletons
  An adder zombie (D:9)
  3 worms
  A dart slug (D:5)
  4 leopard geckos
  31 orcs
  4 giant cockroaches
  11 goblins
  8 hobgoblins
  18 jackals
  6 quokkas
  A ball python (D:2)
  12 bats
  2 frilled lizards
  A jackal skeleton (D:4)
  9 kobolds
  2 leopard gecko zombies
  11 rats
565 creatures vanquished.

Vanquished Creatures (collateral kills)
  A dire elephant (Lair:5)
  2 hydras
  The ghost of CalmDownMonkey the Grappler, a novice TrMo of Ru (D:8)
  A catoblepas (Lair:6)
  A centaur warrior (D:14)
  2 two-headed ogres
  Pikel (D:7)
  An ugly thing (D:14)
  A cyclops (D:11)
  4 elephants (Lair:4)
  Joseph (D:8)
  3 spiny frogs
  A komodo dragon (Lair:1)
  7 blink frogs
  A slime creature (Lair:5)
  4 dream sheep (Lair:6)
  6 yaks
  An insubstantial wisp (Lair:2)
  A porcupine (Lair:1)
  2 sky beasts
  A slave (D:7)
  A necrophage (D:11)
  2 wolves (Lair:2)
  2 ogres (D:4)
  A bullfrog (D:7)
  2 orc wizards
  An iguana (D:4)
  An adder zombie (D:7)
  2 orcs
55 creatures vanquished.

Vanquished Creatures (others)
  A slave (D:7)
  A bullfrog (D:7)
  A centaur skeleton (D:7)
  A jackal skeleton (D:7)
  A bush (D:11)
  95 fungi
  131 plants
231 creatures vanquished.

Grand Total: 851 creatures vanquished

Notes
Turn   | Place    | Note
-------+----------+-------------------------------------------
     0 | D:1      | polve the Demonspawn Gladiator began the quest for the Orb.
     0 | D:1      | Reached XP level 1. HP: 16/16 MP: 1/1
   101 | D:1      | Found a sparkling altar of Nemelex Xobeh.
   197 | D:1      | Reached skill level 3 in Long Blades
   263 | D:1      | Gained mutation: You have a pair of small antennae on your head. [demonic ancestry]
   263 | D:1      | Reached XP level 2. HP: 19/22 MP: 2/2
   893 | D:1      | Gained mutation: A weak demonic guardian rushes to your aid. [demonic ancestry]
   893 | D:1      | Reached XP level 3. HP: 13/27 MP: 3/3
  1283 | D:2      | Reached skill level 1 in Armour
  1489 | D:2      | Reached skill level 4 in Long Blades
  1744 | D:2      | Gained mutation: You are surrounded by a mild repulsion field. (EV +2) [demonic ancestry]
  1744 | D:2      | Reached XP level 4. HP: 30/33 MP: 4/4
  2059 | D:2      | Found a faded altar of an unknown god.
  2568 | D:3      | Gained mutation: A demonic guardian rushes to your aid. [demonic ancestry]
  2568 | D:3      | Reached XP level 5. HP: 17/38 MP: 5/5
  3362 | D:4      | Noticed an ogre
  3371 | D:4      | Killed an ogre
  3371 | D:4      | Reached skill level 5 in Long Blades
  3371 | D:4      | Gained mutation: You are slightly more attuned to the shadows. [demonic ancestry]
  3371 | D:4      | Reached XP level 6. HP: 37/44 MP: 6/6
  3682 | D:4      | Found a shadowy altar of Dithmenos.
  3813 | D:4      | Found an iron altar of Okawaru.
  3978 | D:5      | Entered Level 5 of the Dungeon
  3978 | D:5      | Noticed a sky beast
  3986 | D:5      | Killed a sky beast
  4044 | D:5      | Reached XP level 7. HP: 47/50 MP: 7/7
  4119 | D:5      | Reached skill level 6 in Long Blades
  4691 | D:5      | Reached skill level 7 in Long Blades
  4778 | D:6      | Found a staircase to the Ecumenical Temple.
  5025 | D:6      | Gained mutation: You are significantly more attuned to the shadows. [demonic ancestry]
  5025 | D:6      | Reached XP level 8. HP: 56/56 MP: 8/8
  5091 | D:6      | Found an opulent altar of Gozag.
  5107 | D:6      | Reached skill level 8 in Long Blades
  5848 | D:6      | Found a radiant altar of Vehumet.
  5929 | D:6      | Reached skill level 9 in Long Blades
  6799 | D:7      | Found Sonwegu's Antique Weapon Boutique.
  6819 | D:7      | Noticed Pikel
  6838 | D:7      | Killed Pikel
  6838 | D:7      | Reached skill level 10 in Long Blades
  6838 | D:7      | Gained mutation: You are surrounded by a moderate repulsion field. (EV +3) [demonic ancestry]
  6838 | D:7      | Reached XP level 9. HP: 29/61 MP: 9/9
  7144 | D:7      | Noticed Menkaure
  7150 | D:7      | Killed Menkaure
  7600 | D:7      | Reached skill level 11 in Long Blades
  7814 | Temple   | Entered the Ecumenical Temple
  7984 | Temple   | Became a worshipper of Uskayaw the Reveler
  8156 | D:8      | Reached * piety under Uskayaw
  8196 | D:8      | Found a shattered altar of Ashenzari.
  8217 | D:8      | Reached ** piety under Uskayaw
  8294 | D:8      | Reached *** piety under Uskayaw
  8510 | D:8      | Noticed a two-headed ogre
  8516 | D:8      | Killed a two-headed ogre
  8753 | D:8      | Noticed CalmDownMonkey's ghost (novice TrMo)
  9126 | D:8      | Noticed Psyche
  9126 | D:8      | Noticed Erica
  9136 | D:8      | Killed Psyche
  9136 | D:8      | Reached skill level 12 in Long Blades
  9157 | D:8      | Killed Erica
  9157 | D:8      | Gained mutation: You are completely attuned to the shadows. [demonic ancestry]
  9157 | D:8      | Reached XP level 10. HP: 48/67 MP: 10/10
  9274 | D:8      | Found a bloodstained altar of Trog.
  9499 | D:8      | Noticed Joseph
  9505 | D:8      | Killed Joseph
  9633 | D:8      | Found a sacrificial altar of Ru.
  9796 | D:8      | Killed CalmDownMonkey's ghost
  9796 | D:8      | Reached skill level 13 in Long Blades
 10318 | D:9      | Reached **** piety under Uskayaw
 10573 | D:9      | Reached skill level 1 in Invocations
 11602 | D:10     | Entered Level 10 of the Dungeon
 11748 | D:10     | Noticed a gargoyle
 11753 | D:10     | Killed a gargoyle
 11891 | D:10     | Reached skill level 5 in Invocations
 11898 | D:10     | Reached ***** piety under Uskayaw
 12296 | D:10     | Found Wowo's Magic Scroll Shop.
 13072 | D:11     | Reached XP level 11. HP: 66/72 MP: 16/16
 13102 | D:11     | Found an iron altar of Okawaru.
 13216 | D:11     | Noticed a purple ugly thing
 13220 | D:11     | Killed a purple ugly thing
 13409 | D:11     | Noticed a two-headed ogre
 13414 | D:11     | Killed a two-headed ogre
 13414 | D:11     | Reached skill level 14 in Long Blades
 13427 | D:11     | Reached skill level 1 in Stealth
 13638 | D:11     | Noticed a green ugly thing
 13653 | D:11     | Killed a green ugly thing
 14303 | D:11     | Found a staircase to the Lair.
 14698 | D:11     | Noticed an unseen horror
 14711 | D:11     | Killed an unseen horror
 15215 | Lair:1   | Entered Level 1 of the Lair of Beasts
 15529 | Lair:1   | Reached skill level 5 in Fighting
 15538 | Lair:1   | Reached skill level 5 in Stealth
 16034 | Lair:1   | Gained mutation: You have a pair of antennae on your head. [demonic ancestry]
 16034 | Lair:1   | Reached XP level 12. HP: 13/88 MP: 18/18
 16466 | Lair:1   | Learned a level 1 spell: Apportation
 16469 | Lair:1   | Learned a level 2 spell: Blink
 16992 | Lair:2   | Found a staircase to the Swamp.
 17005 | Lair:2   | Reached skill level 1 in Spellcasting
 17238 | Lair:2   | Reached skill level 1 in Translocations
 17704 | Lair:2   | Found a stormy altar of Qazlal.
 19137 | Lair:3   | Got a bloodstained leather armour
 19148 | Lair:3   | Identified the +3 leather armour "Xeotaad" {rPois rF+} (You found it on level 3 of the Lair of Beasts)
 20422 | Lair:4   | Reached ****** piety under Uskayaw
 20816 | Lair:4   | Found a staircase to the Snake Pit.
 21175 | Lair:4   | Reached XP level 13. HP: 62/101 MP: 19/19
 22113 | Lair:4   | Reached skill level 10 in Stealth
 22421 | Lair:4   | Reached skill level 10 in Fighting
 22586 | Lair:4   | Reached skill level 1 in Evocations
 23555 | Lair:5   | Reached skill level 5 in Dodging
 23795 | Lair:5   | Reached skill level 1 in Shields
 23806 | Lair:5   | Noticed a dire elephant
 23838 | Lair:5   | Found a staircase to the Slime Pits.
 23838 | Lair:5   | Found a viscous altar of Jiyva.
 25692 | Lair:5   | Killed a dire elephant
 25692 | Lair:5   | Reached skill level 5 in Evocations
 26276 | Lair:6   | Entered Level 6 of the Lair of Beasts
 26624 | Lair:6   | Reached XP level 14. HP: 59/110 MP: 20/20
 27306 | Lair:6   | Reached skill level 5 in Armour
 28259 | Lair:6   | Reached skill level 10 in Invocations
 29096 | Lair:6   | Learned a level 2 spell: Corpse Rot
 30264 | D:12     | Found a staircase to the Orcish Mines.
 30474 | D:13     | You fall through a shaft!
 30589 | D:14     | Noticed Snorg
 30598 | D:14     | Killed Snorg
 31641 | D:14     | Reached XP level 15. HP: 50/115 MP: 23/23
 31655 | D:14     | Slain by a red ugly thing

Skill      XL: |  1  2  3  4  5  6  7  8  9 10 11 12 13 14 |
---------------+-------------------------------------------+-----
Long Blades    | 3 4 5 7 10 12 13 14 | 14.0
Armour         | 1 2 3 4 7 |  7.4
Invocations    | 6 9 11 | 11.7
Stealth        | 6 9 10 | 10.0
Fighting       | 6 9 10 | 10.0
Spellcasting   | 2 |  2.0
Translocations | 2 4 |  4.0
Dodging        | 6 8 |  8.8
Evocations     | 6 |  6.0
Shields        | 4 |  4.0
Throwing       | |  1.7

Action                   |  1- 3 |  4- 6 |  7- 9 | 10-12 | 13-15 || total
-------------------------+-------+-------+-------+-------+-------++-------
Melee: Long sword        |    90 |   130 |   341 |       |       ||   561
       Scimitar          |       |       |       |   576 |   904 ||  1480
 Abil: Evoke Berserk Rag |       |       |       |       |     2 ||     2
  Use: Potion            |       |     1 |     2 |     1 |     3 ||     7
       Scroll            |       |       |       |    16 |     8 ||    24
 Stab: Sleeping          |       |     2 |    13 |    42 |    26 ||    83
       Distracted        |       |       |     2 |    11 |    15 ||    28
       Paralysed         |       |       |     3 |    45 |    66 ||   114
       Confused          |       |       |       |       |     3 ||     3
  Eat: Chunk             |     3 |     7 |    16 |    29 |    32 ||    87
       Fruit             |       |       |       |     4 |     2 ||     6
       Royal jelly       |       |       |       |     4 |     1 ||     5
Armor: Leather armour    |    38 |    24 |       |    22 |    87 ||   171
       Ring mail         |       |    12 |    80 |    82 |       ||   174
       Skin              |       |       |       |       |     6 ||     6
       Acid dragon scale |       |       |       |       |     4 ||     4
Dodge: Dodged            |    74 |   135 |   232 |   298 |   500 ||  1239
Block: Buckler           |       |       |       |       |   134 ||   134
       Rpst.: Long sword |    23 |    43 |    65 |       |       ||   131
       Scimitar          |       |       |       |    92 |   126 ||   218
